 Dungeon Crawl Stone Soup version 0.29.0-4-gdea44cf6ec (webtiles) character file.

Game seed: 15937984334169514713

36 qw the Chopper (level 3, -5/21 HPs)
             Began as a Tengu Warper on Aug 28, 2022.
             Slain by a sky beast (6 damage)
             ... on level 3 of the Dungeon.
             The game lasted 00:00:10 (2392 turns).

qw the Chopper (Tengu Warper)                       Turns: 2392, Time: 00:00:11

Health: -5/21      AC:  6    Str: 13    XL:     3   Next: 37%
Magic:  7/7        EV:  9    Int: 13    God:
Gold:   44         SH:  0    Dex: 13    Spells: 6/6 levels left

rFire   . . .      SeeInvis .   Y - +0 hand axe
rCold   . . .      Faith    .   (no shield)
rNeg    . . .      Spirit   .   d - +0 scale mail
rPois   .          Reflect  .   (helmet restricted)
rElec   .          Harm     .   (no cloak)
rCorr   +          Rampage  .   (no gloves)
Will    .....                   (boots unavailable)
Stlth   ..........              k - amulet of the acrobat
HPRegen 0.07/turn               f - ring of resist corrosion
MPRegen 0.10/turn               (no ring)

@: no status effects
A: beak, talons 3
a: no special abilities


You were on level 3 of the Dungeon.
You visited 1 branch of the dungeon, and saw 3 of its levels.

You collected 44 gold pieces.


Innate Abilities, Weirdness & Mutations

You have a beak for a mouth.
You have claws for feet.


   Skills:
 - Level 2.0 Fighting
 + Level 4.1 Axes
 - Level 1.0 Throwing
 - Level 1.1 Armour
 - Level 2.1 Dodging
 - Level 2.0 Spellcasting
 - Level 2.4 Translocations


You had 6 spell levels left.
You didn't know any spells.
Your spell library contained the following spells:

 Spells                   Type           Power      Damage    Failure   Level
 Blink                    Tloc           14%        N/A       56%         2
 Gell's Gravitas          Tloc           7%         N/A       80%         3
 Lesser Beckoning         Tloc           7%         N/A       80%         3
 Teleport Other           Tloc           7%         N/A       80%         3
 Manifold Assault         Tloc           7%         N/A       100%        5

Inventory:

Hand Weapons
 e - a +0 whip
 Y - a +0 hand axe (weapon)
Armour
 d - a +0 scale mail (worn)
Jewellery
 f - a ring of resist corrosion (left hand)
 k - an amulet of the acrobat (around neck)
Scrolls
 b - a scroll of identify
Potions
 g - a potion of curing
 h - a potion of flight {unknown}
 j - a potion of attraction {unknown}

Dungeon Overview and Level Annotations

Branches:
Dungeon (3/15)

Altars:

Annotations:
D:2 1 runed translucent door, Crazy Yiuf


Message History

What level of the Dungeon? (default 1, ? - help)
There is a stone staircase leading down here.
You climb downwards.
There is a stone staircase leading up here.
Existing waypoints: (1) D:2 (2) D:1 Assign waypoint to what number? (0-9, D - delete waypoint) Waypoint 2 re-assigned from D:1 to D:3.
Found a mace.
You see here a +0 mace.
Found a hand axe.
Enter note: An orc comes into view. It is wielding a +0 club.
Found a ring mail.
The orc shouts!
A sky beast comes into view.
You hit the orc. You peck the orc.
The orc is heavily wounded.
The orc barely misses you.
You closely miss the orc. You claw the orc.
The orc is almost dead.
You hit the sky beast but do no damage. The orc hits you but does no damage.
The sky beast flickers out of sight!
Deactivating autopickup; reactivate with Ctrl-A.
Something hits you but does no damage.
You barely miss the orc. You peck the orc.
You kill the orc!
You hit something but do no damage.
A sky beast appears from thin air!
Reactivating autopickup.
The sky beast hits you. The sky beast shocks you.
You hit the sky beast but do no damage. Your peck misses the sky beast.
The sky beast flickers out of sight!
Deactivating autopickup; reactivate with Ctrl-A.
Something hits you. Something shocks you.
You closely miss something. Something hits you but does no damage.
You closely miss something. Something hits you. Something shocks you.
You die...

.......#..###.#
.!............#
......#.#.####
. .....#.#...#
.. ##...#.#.#.#
...##...#.###.#
.......)#.....#
............###
..)...)@.##.#
[.....{..##.#
...########+#
..


There were no monsters in sight!

Vanquished Creatures
  An adder (D:2)
  An orc (D:3)
  2 endoplasms (D:1)
  A giant cockroach (D:2)
  3 goblins
  4 hobgoblins
  2 quokkas (D:1)
  4 ball pythons (D:1)
  2 bats (D:1)
  A frilled lizard (D:1)
  3 kobolds
  2 rats
26 creatures vanquished.

Vanquished Creatures (others)
  9 plants (D:1)
9 creatures vanquished.

Grand Total: 35 creatures vanquished

Notes
Turn   | Place    | Note
-------+----------+-------------------------------------------
     0 | D:1      | qw the Tengu Warper began the quest for the Orb.
     0 | D:1      | Reached XP level 1. HP: 12/12 MP: 4/4
     0 | D:1      | 0 ||| qw: Version: 0.1-a-89-g26bdef1
     0 | D:1      | 0 ||| qw: Game counter: 61
     0 | D:1      | 0 ||| qw: Always use a shield: true
     0 | D:1      | 0 ||| qw: God list: Okawaru
     0 | D:1      | 0 ||| qw: Allow faded altars: false
     0 | D:1      | 0 ||| qw: Do Orc after D:15 true
     0 | D:1      | 0 ||| qw: Do second Lair branch before Depths: true
     0 | D:1      | 0 ||| qw: Lair rune preference: random
     0 | D:1      | 0 ||| qw: Plans: Normal
     0 | D:1      | 0 ||| PLANNING D:1-11
   144 | D:1      | 144 ||| Stepping ~*~*~tactically~*~*~ (stealth).
   274 | D:1      | Reached XP level 2. HP: 12/17 MP: 6/6
   428 | D:1      | Reached skill level 3 in Axes
   861 | D:1      | 861 ||| Stepping ~*~*~tactically~*~*~ (stealth).
   862 | D:1      | 862 ||| Stepping ~*~*~tactically~*~*~ (stealth).
   863 | D:1      | 863 ||| Stepping ~*~*~tactically~*~*~ (stealth).
   865 | D:1      | 865 ||| Stepping ~*~*~tactically~*~*~ (stealth).
   866 | D:1      | 866 ||| Stepping ~*~*~tactically~*~*~ (stealth).
  1173 | D:1      | 1173 ||| UPGRADING to +0 scale mail.
  1183 | D:1      | 1183 ||| DROPPING +0 leather armour.
  1184 | D:1      | 1184 ||| UPGRADING to ring of resist corrosion.
  1185 | D:1      | 1185 ||| READING scroll labelled JUILIPY QUNINI.
  1186 | D:1      | 1186 ||| READING scroll labelled OMIDAM GUACH.
  1190 | D:1      | 1190 ||| READING scroll labelled LILAQAN HAQUH.
  1191 | D:1      | 1191 ||| READING scroll labelled LUSIRU GINUCW.
  1312 | D:1      | 1312 ||| DROPPING scroll of blinking.
  1603 | D:2      | Reached XP level 3. HP: 16/21 MP: 7/7
  1705 | D:2      | Reached skill level 4 in Axes
  1764 | D:2      | 1764 ||| DROPPING +0 club.
  2017 | D:2      | Found a runed translucent door.
  2018 | D:2      | Noticed Crazy Yiuf
  2319 | D:2      | 2319 ||| DROPPING amulet of faith.
  2320 | D:2      | 2320 ||| UPGRADING to amulet of the acrobat.
  2325 | D:2      | 2325 ||| READING scroll labelled OSOTUF VEDGHE.
  2326 | D:2      | 2326 ||| READING scroll labelled YSSIEM VANO.
  2327 | D:2      | 2327 ||| READING 2 scrolls of identify.
  2327 | D:2      | 2327 ||| IDENTIFYING metallic clear potion
  2381 | D:3      | Noticed a sky beast
  2390 | D:3      | HP: 5/21 [something (6)]
  2392 | D:3      | HP: 1/21 [something (4)]
  2392 | D:3      | Slain by a sky beast

Levels and vault maps discovered:
D:1:      tarquinn_simple_flora_water_a, layout_loops_ring,
          minmay_misc_feat_nine_boxes, roderic_serpentine_path,
          corexii_corridor_pit
D:2:      minmay_door_path, layout_loops_ring, uniq_crazy_yiuf_cottage
D:3:      layout_basic, uniq_jessica, uniq_ijyb

Skill      XL: |  1  2  3 |
---------------+----------+-----
Axes           | 3 4 |  4.1
Fighting       | |  2.0
Throwing       | |  1.0
Armour         | |  1.1
Dodging        | |  2.1
Spellcasting   | |  2.0
Translocations | |  2.4

Action                   || total
-------------------------++-------
Melee: Hand axe          ||    66
       Kick              ||    15
       Peck              ||     6
Throw: Boomerang         ||     7
  Use: Scroll            ||     7
Armor: Leather armour    ||    11
       Scale mail        ||    10
Dodge: Dodged            ||    34

Table legend:
 A = Non-vault XP
 B = Vault XP
 C = Vault XP percentage of total XP
 D = Non-vault monster count
 E = Vault monster count
 F = Vault count percentage of total count
                 A         B        C        D         E       F
            +---------+---------+-------+---------+---------+-------
      Total |      35 |      17 |  32.7 |      22 |       4 |  15.4
            +---------+---------+-------+---------+---------+-------
        D:1 |      27 |       0 |   0.0 |      18 |       0 |   0.0
        D:2 |       5 |      17 |  77.3 |       3 |       4 |  57.1
        D:3 |       3 |       0 |   0.0 |       1 |       0 |   0.0
            +---------+---------+-------+---------+---------+-------
